 Dungeon Crawl Stone Soup version 0.27-a0-1442-g87b6fcb595 (webtiles) character file.

Game seed: 13910941370636082333

163 flotson the Sneak (level 5, -20/46 HPs)
             Began as a Draconian Delver on July 4, 2021.
             Was an Initiate of Gozag.
             Blown up by Ijyb (31 damage)
             ... with a mindburst bolt
             ... on level 4 of the Dungeon.
             The game lasted 00:04:14 (3251 turns).

flotson the Sneak (Draconian Delver)                Turns: 3251, Time: 00:04:16

Health: -20/46     AC: 10    Str: 15    XL:     5   Next: 20%
Magic:  5/5        EV:  9    Int: 11    God:    Gozag
Gold:   48         SH:  7    Dex: 12    Spells: 4/4 levels left

rFire    . . .     SeeInvis .   b - +0 trident
rCold    . . .     Faith    .   t - +0 kite shield
rNeg     . . .     Spirit   .   (armour unavailable)
rPois    .         Reflect  .   (helmet restricted)
rElec    .         Harm     .   n - +0 cloak
rCorr    .         Rampage  .   (no gloves)
Will     .....                  (no boots)
Stlth    +++.......             (no amulet)
HPRegen  0.15/turn              j - +4 ring of protection
MPRegen  0.09/turn              m - ring of flight

@: flying
A: AC +5, unfitting armour, cold-blooded
a: Renounce Religion, Potion Petition, Call Merchant, Bribe Branch


You were on level 4 of the Dungeon.
You worshipped Gozag.
Gozag was noncommittal.
You visited 1 branch of the dungeon, and saw 5 of its levels.

You collected 156 gold pieces.
You paid 108 gold pieces to Gozag.

Inventory:

Hand Weapons
 a - a +0 hand axe
 b - a +0 trident (weapon)
Missiles
 i - 6 javelins (quivered)
 s - 16 poisoned darts
Armour
 n - a +0 cloak (worn)
 t - a +0 kite shield (worn)
Jewellery
 j - a +4 ring of protection (left hand)
 m - a ring of flight (right hand)
Wands
 f - a wand of digging (3)
Scrolls
 d - a scroll of fear
 e - a scroll of vulnerability {unknown}
 g - 4 scrolls of fog
 h - a scroll of enchant armour {unknown}
 k - 4 scrolls of identify {unknown}
 l - a scroll of enchant weapon {unknown}
 p - a scroll of silence {unknown}
 r - a scroll of magic mapping
Potions
 c - 2 potions of degeneration {unknown}
 o - 2 potions of curing
 q - a potion of cancellation {unknown}
 u - 3 potions of heal wounds {unknown}


   Skills:
 + Level 4.1 Fighting
 + Level 3.0 Axes
 + Level 1.4 Throwing
 + Level 2.7 Dodging
 - Level 4.5 Stealth
 + Level 0.6 Shields
 + Level 1.7 Evocations


You had 4 spell levels left.
You didn't know any spells.
Your spell library contained the following spells:

 Spells                   Type           Power      Damage    Failure   Level
 Magic Dart               Conj           0%         1d3       92%         1
 Call Imp                 Summ           0%         N/A       98%         2
 Mephitic Cloud           Conj/Pois/Air  0%         N/A       100%        3


Dungeon Overview and Level Annotations

Branches:
Dungeon (5/15)
 Temple: D:4-7

Altars:
Gozag
Nemelex Xobeh

Annotations:
D:4 Ijyb
D:5 Pikel


Innate Abilities, Weirdness & Mutations

Your plain brown scales are hard. (AC +5)
You cannot fit into any form of body armour.
You are cold-blooded and may be slowed by cold attacks.


Message History

You barely miss Ijyb.
Ijyb is moderately wounded.
You block Ijyb's attack.
Ijyb screams, "Me very upset!"
Ijyb zaps a wand.
Your mind is blasted!
You are too injured to fight recklessly!
You are too injured to fight recklessly!
You are too injured to fight recklessly!
You are too injured to fight recklessly!
You are too injured to fight recklessly!
You are too injured to fight recklessly!
You are too injured to fight recklessly!
You hit Ijyb.
Ijyb is heavily wounded.
You block Ijyb's attack.
You closely miss Ijyb.
Ijyb is heavily wounded.
Ijyb zaps a wand.
You barely resist. Ijyb hits you but does no damage.
The orc hits you but does no damage.
Your shield prevents you from hitting Ijyb.
Ijyb is heavily wounded.
Ijyb screams, "No!
No, no, no, no!"
Ijyb hits you with a +0 dagger. The orc barely misses you.
You completely miss Ijyb.
Ijyb is heavily wounded.
Ijyb zaps a wand.
You barely resist. The orc hits you with a +0 short sword.
* * * LOW HITPOINT WARNING * * *
Ijyb hits you but does no damage. You block the orc's attack.
Okay, then.
You barely miss Ijyb.
Ijyb is heavily wounded.
Ijyb hits you but does no damage. The orc hits you but does no damage.
You barely miss Ijyb.
Your tail-slap misses Ijyb.
Ijyb is heavily wounded.
Ijyb screams, "I dance on your bones!" You block Ijyb's attack.
The orc hits you but does no damage.
Ijyb screams, "You nasty!
Big nasty!"
Ijyb zaps a wand.
Your mind is blasted!
Ouch! That really hurt!
You die...

$ ......#
.......#
.......# #####
#......#
#....###......#
#.............#
+.....g.o.....#
#......@......#
#.....##<##...#
#...J #.# #
.... ..+ ...
...# .. ....# #
#...## #...
#...


You could see Ijyb, an orc and an endoplasm (asleep).

Vanquished Creatures
  An iguana (D:3)
  Robin (D:2)
  4 gnolls
  An adder (D:3)
  A worm (D:2)
  2 dart slugs
  3 orcs (D:3)
  6 ball pythons
  An endoplasm (D:3)
  2 giant cockroaches
  15 goblins
  8 hobgoblins
  A quokka (D:2)
  8 bats
  5 frilled lizards
  5 kobolds
  7 rats
71 creatures vanquished.

Notes
Turn   | Place    | Note
-------+----------+-------------------------------------------
     0 | D:5      | flotson the Draconian Delver began the quest for the Orb.
     0 | D:5      | Reached XP level 1. HP: 19/19 MP: 1/1
    12 | D:5      | Noticed a quasit
    12 | D:5      | Noticed a quasit
    12 | D:5      | Noticed a quasit
    29 | D:5      | Noticed a lemure
    29 | D:5      | Noticed a lemure
    29 | D:5      | Noticed a lemure
    29 | D:5      | Noticed Pikel
    29 | D:5      | Noticed a lemure
    45 | D:5      | Noticed a jelly
   268 | D:2      | Reached XP level 2. HP: 25/26 MP: 2/2
  1371 | D:1      | Reached XP level 3. HP: 33/33 MP: 3/3
  1782 | D:2      | Noticed Robin
  1792 | D:2      | Killed Robin
  1793 | D:2      | Reached skill level 1 in Evocations
  2060 | D:2      | Reached XP level 4. HP: 40/40 MP: 4/4
  2226 | D:3      | Reached skill level 1 in Throwing
  2507 | D:3      | Found a faded altar of an unknown god.
  2800 | D:3      | Reached XP level 5. HP: 33/46 MP: 5/5
  3139 | D:3      | Found a sparkling altar of Nemelex Xobeh.
  3139 | D:3      | Found an opulent altar of Gozag.
  3148 | D:3      | Became a worshipper of Gozag Ym Sagoz the Greedy
  3240 | D:4      | Noticed Ijyb
  3251 | D:4      | Blown up by Ijyb

Illustrated notes

Levels and vault maps discovered:
D:1:      dpeg_arrival_shelter, layout_loops_ring, roderic_serpentine_path
D:2:      layout_loops_ring, minmay_tetromino_t2, uniq_robin
D:3:      layout_loops_ring, grunt_temple_overflow_opulence,
          chequers_ecumenical_altar_simple_redux, minmay_misc_feat_room,
          minmay_misc_feat_square
D:4:      kennysheep_six_static_rooms, layout_gridville, led_sif_pool,
          uniq_ijyb, uniq_natasha, uniq_duvessa
D:5:      cheibrodos_quashed, layout_gridville, kennysheep_mini_moat,
          eino_tiny_chamber, hangedman_decor_diamond_cutter,
          grunt_decor_resistance, uniq_pikel

Skill      XL: |  1  2  3  4 |
---------------+-------------+-----
Dodging        | 2 |  2.7
Evocations     | 1 |  1.7
Throwing       | 1 |  1.4
Fighting       | 4 |  4.1
Axes           | 3 |  3.0
Stealth        | |  4.5
Shields        | |  0.6

Action                   |  1- 3 |  4- 6 || total
-------------------------+-------+-------++-------
Melee: Trident           |   148 |    87 ||   235
       Tailslap          |    10 |     6 ||    16
  Use: Scroll            |     1 |       ||     1
       Potion            |     1 |       ||     1
 Stab: Sleeping          |    14 |     4 ||    18
Armor: Skin              |    63 |    35 ||    98
Dodge: Dodged            |    87 |    47 ||   134
Block: Kite shield       |       |    17 ||    17

Table legend: (Time is in decaauts)
 A = Elapsed time spent in this place.
 B = Non-inter-level travel time spent in this place.
 C = Inter-level travel time spent in this place.
 D = Time resting spent in this place.
 E = Time spent auto-exploring this place.
 F = Levels seen in this place.
 G = Mean time per level.
                   A        B        C        D        E       F      G
               +--------+--------+--------+--------+--------+-----+--------+
         Total |   3298 |   3179 |    119 |    150 |   2401 |   5 |  659.6 |
       Dungeon |   3298 |   3179 |    119 |    150 |   2401 |   5 |  659.6 |
               +--------+--------+--------+--------+--------+-----+--------+

Top non-repeatable levels by time:
     D:1: 1142 daAuts
     D:2: 1023 daAuts
     D:3: 952 daAuts
     D:4: 122 daAuts
     D:5: 58 daAuts
